 Dungeon Crawl Stone Soup version 0.24-a0-530-g18ba70b503 (webtiles) character file.

Game seed: 7765055244155337627

39 BinkBink the Poker (level 3, -2/40 HPs)
             Began as a Demonspawn Gladiator on Aug 7, 2019.
             Killed from afar by an orc wizard (4 damage)
             ... with a puff of flame
             ... on level 3 of the Dungeon.
             The game lasted 00:02:42 (1224 turns).

BinkBink the Poker (Demonspawn Gladiator)           Turns: 1224, Time: 00:02:43

Health: -2/40      AC: 21    Str: 14    XL:     3   Next: 28%
Magic:  3/3        EV:  2    Int:  9    God:
Gold:   55         SH:  0    Dex: 17    Spells: 2/2 levels left

rFire    . . .     SeeInvis .   a - +0 trident
rCold    . . .     Gourm    .   (no shield)
rNeg     + + +     Faith    +   (armour currently unavailable)
rPois    +         Spirit   .   (helmet currently unavailable)
rElec    .         Reflect  .   (cloak currently unavailable)
rCorr    .         Harm     .   (gloves currently unavailable)
MR       .....     NoTele   +   (boots currently unavailable)
Stlth    ++........             j - amulet of faith
HPRegen  0.13/turn              (no ring)
MPRegen  0.08/turn              (no ring)

@: tree-form
A: thin skeletal structure 1, rot immunity
a: no special abilities


You were on level 3 of the Dungeon.
You were hungry.
You were a tree.
You visited 1 branch of the dungeon, and saw 3 of its levels.

You collected 55 gold pieces.

Inventory:

Hand Weapons
 a - a +0 trident (weapon)
Missiles
 d - 3 throwing nets (quivered)
Armour
 b - a +0 leather armour
 c - a +0 helmet
 g - a cursed +0 leather armour (melded)
 r - a cursed +0 helmet (melded)
Jewellery
 j - an amulet of faith (around neck)
 k - an uncursed amulet of the acrobat {unknown}
Scrolls
 e - 2 scrolls of remove curse {unknown}
 h - 2 scrolls of identify {unknown}
 l - a scroll of teleportation {unknown}
 n - a scroll of enchant weapon {unknown}
Potions
 i - a potion of haste {unknown}
 m - a potion of mutation {unknown}
 o - a potion of curing {unknown}
 p - a potion of degeneration {unknown}
 q - a potion of lignification
Comestibles
 f - 5 rations


   Skills:
 + Level 2.3 Fighting
 + Level 3.3 Polearms
 + Level 2.0 Throwing
 + Level 0.3 Armour
 + Level 3.1 Dodging


You had 2 spell levels left.
You didn't know any spells.
Your spell library was empty.

Dungeon Overview and Level Annotations

Branches:
Dungeon (3/15)

Altars:


Innate Abilities, Weirdness & Mutations

You have a somewhat thin skeletal structure. (Dex +2, Stealth)
You are immune to rotting.


Message History

* * * LOW HITPOINT WARNING * * *
The bat misses you. The bat hits you.
* * * LOW HITPOINT WARNING * * *
The giant cockroach bites you but does no damage.
The bat closely misses you.
You hit the bat.
You kill the bat!
The bat hits you but does no damage. The bat barely misses you.
The giant cockroach bites you but does no damage.
The orc wizard misses you.
It was a potion of lignification.
You turn into a tree.
Your cursed +0 helmet melds into your body.
Your cursed +0 leather armour melds into your body.
Your roots penetrate the ground.
The leopard gecko bites you.
* * * LOW HITPOINT WARNING * * *
The giant cockroach barely misses you. The orc wizard casts a spell at you.
The puff of flame hits you.
You die...

#.....# #####
#.....# #....
#.....# #....
#.....# #....
#.....# #....
#.....##########†.
#K.....##....#.<..
#ss....##.....†#).
#♣ob...##.....##.#
##l###...........#
#.# ###.......###
..# ##......# ####
#.....## #......#
#.....<.#
#####.#.. .#


You could see an orc wizard, a leopard gecko, 2 giant cockroaches, a bat and a
kobold.

Vanquished Creatures
  4 orcs (D:3)
  2 giant cockroaches
  4 hobgoblins
  5 jackals
  A quokka (D:2)
  A bat (D:3)
  A frilled lizard (D:1)
  4 goblins (D:2)
  4 kobolds (D:2)
  7 rats
33 creatures vanquished.

Notes
Turn   | Place    | Note
-------+----------+-------------------------------------------
     0 | D:1      | BinkBink the Demonspawn Gladiator began the quest for the
                  | Orb.
     0 | D:1      | Reached XP level 1. HP: 16/16 MP: 1/1
   461 | D:1      | Gained mutation: You have a somewhat thin skeletal
                  | structure. (Dex +2, Stealth) [demonic ancestry]
   461 | D:1      | Reached XP level 2. HP: 20/22 MP: 2/2
  1183 | D:3      | Gained mutation: You are immune to rotting. [demonic
                  | ancestry]
  1183 | D:3      | Reached XP level 3. HP: 27/27 MP: 3/3
  1224 | D:3      | HP: 2/40 [leopard gecko (2)]
  1224 | D:3      | Killed from afar by an orc wizard

Levels and vault maps discovered:
D:1:      wander_arrival_peaceful_grave, layout_basic
D:2:      layout_loops_ring, minmay_misc_feat_rugged, minivault_23
D:3:      layout_rooms, chequers_ecumenical_altar_island, minmay_snake_closets

Skill      XL: |  1  2 |
---------------+-------+-----
Polearms       | 3 |  3.3
Dodging        | 3 |  3.1
Throwing       | 2 |  2.0
Fighting       | |  2.3
Armour         | |  0.3

Action                   || total
-------------------------++-------
Melee: Trident           ||    75
  Use: Scroll            ||     2
       Potion            ||     1
 Stab: Sleeping          ||     6
Armor: Leather armour    ||    27
Dodge: Dodged            ||    59

Table legend:
 A = Non-vault XP
 B = Vault XP
 C = Vault XP percentage of total XP
 D = Non-vault monster count
 E = Vault monster count
 F = Vault count percentage of total count
                 A         B        C        D         E       F
            +---------+---------+-------+---------+---------+-------
      Total |      57 |       0 |   0.0 |      33 |       0 |   0.0
            +---------+---------+-------+---------+---------+-------
        D:1 |      14 |       0 |   0.0 |       8 |       0 |   0.0
        D:2 |      26 |       0 |   0.0 |      18 |       0 |   0.0
        D:3 |      17 |       0 |   0.0 |       7 |       0 |   0.0
            +---------+---------+-------+---------+---------+-------
